 Dungeon Crawl Stone Soup version 0.32-a0-799-g95e1662365 (webtiles) character file.

Game seed: 17663183787460817771

147 smashvw the Ruffian (level 5, -6/41 HPs)
             Began as a Gnoll Shapeshifter on Mar 22, 2024.
             Was an Initiate of Gozag.
             Mangled by an orc
             ... wielding a +2 hand axe of venom
              (20 damage)
             ... on level 4 of the Dungeon.
             The game lasted 00:05:18 (2383 turns).

smashvw the Ruffian (Gnoll Shapeshifter)            Turns: 2383, Time: 00:05:19

Health: -6/41      AC:  2    Str: 14    XL:     5   Next: 29%
Magic:  0/7        EV:  2    Int:  9    God:    Gozag
Gold:   139        SH:  0    Dex: 13    Spells: 7/7 levels left

rFire   . . .        s - +0 falchion
rCold   . . .        (no shield)
rNeg    . . .        a - +0 animal skin
rPois   .            (helmet currently unavailable)
rElec   .            (cloak currently unavailable)
rCorr   .            (gloves currently unavailable)
SInv    .            (boots currently unavailable)
Will    .....        v - amulet of guardian spirit
Stlth   ++           (no ring)
HPRegen 0.26/turn    (no ring)
MPRegen 0.10/turn

%: guardian spirit
@: beast-form, sleeping
A: beast (slay +3), fangs 1, strong nose, distributed training
a: Begin Untransformation, Renounce Religion, Potion Petition, Call Merchant,
Bribe Branch


You were on level 4 of the Dungeon.
You worshipped Gozag.
Gozag was aware of your devotion.
You were a hulking beast.
You visited 2 branches of the dungeon, and saw 5 of its levels.

You collected 192 gold pieces.
You paid 53 gold pieces to Gozag.

Inventory:

Hand Weapons
 s - a +0 falchion (weapon)
Missiles
 f - 33 stones (quivered)
 n - 8 poisoned darts
Armour
 a - a +0 animal skin (worn)
Jewellery
 v - an amulet of guardian spirit (around neck)
Talismans
 c - a beast talisman (active)
 d - a flux talisman
Scrolls
 e - a scroll of teleportation {unknown}
 h - 4 scrolls of identify {unknown}
 i - 2 scrolls of poison {unknown}
 l - 2 scrolls of enchant armour {unknown}
 o - 2 scrolls of fear {unknown}
 p - a scroll of vulnerability {unknown}
 t - a scroll of amnesia {unknown}
Potions
 b - a potion of lignification
 k - 2 potions of mutation {unknown}
 m - a potion of enlightenment {unknown}
 q - a potion of brilliance {unknown}
 r - a potion of resistance {unknown}
 u - a potion of berserk rage {unknown}
 w - a potion of might {unknown}


   Skills:
 + Level 3.0 Fighting
 + Level 1.5 Short Blades
 + Level 1.5 Long Blades
 + Level 1.5 Axes
 + Level 1.5 Maces & Flails
 + Level 1.5 Polearms
 + Level 1.5 Staves
 + Level 1.5 Ranged Weapons
 + Level 1.5 Throwing
 + Level 1.5 Armour
 + Level 4.8 Dodging
 + Level 1.5 Stealth
 + Level 1.5 Shields
 + Level 6.7 Unarmed Combat
 + Level 1.5 Spellcasting
 + Level 1.2 Conjurations
 + Level 1.2 Hexes
 + Level 1.2 Summonings
 + Level 1.2 Necromancy
 + Level 1.2 Translocations
 + Level 1.2 Fire Magic
 + Level 1.2 Ice Magic
 + Level 1.2 Air Magic
 + Level 1.2 Earth Magic
 + Level 1.2 Alchemy
 + Level 1.7 Invocations
 + Level 1.5 Evocations
 + Level 6.6 Shapeshifting


You had 7 spell levels left.
You didn't know any spells.
Your spell library contained the following spells:

 Spells                   Type           Power      Damage    Failure   Level
 Apportation              Tloc           4%         N/A       22%         1
 Jinxbite                 Hex            4%         N/A       32%         2
 Passwall                 Erth           2%         N/A       54%         3
 Volatile Blastmotes      Fire/Tloc      4%         2d10      54%         3
 Alistair's Intoxication  Alch           1%         N/A       99%         5
 Bombard                  Conj/Erth      1%         9d1       100%        6


Dungeon Overview and Level Annotations

Branches:
Dungeon (4/15)             Temple (1/1) D:4

Altars:
Ashenzari
Dithmenos
Elyvilon
Gozag
Hepliaklqana
Makhleb
Nemelex Xobeh
Okawaru
Ru
Sif Muna
Trog
Uskayaw
Vehumet
Zin
The Shining One

Shops:
D:2 [:*


Innate Abilities, Weirdness & Mutations

You are a hulking beast.
Your limbs bulge with bestial killing power. (Slay +3)
You have very sharp teeth.
Your uncanny sense of smell can sniff out nearby items.
Your experience applies equally to all skills.


Message History

You are too injured to fight recklessly!
You hit the sleepcap.
The sleepcap is severely damaged.
The sleepcap releases spores at you.
You are engulfed in a cloud of soporific spores!
You fall asleep.
The orc barely misses you.
You wake up.
You hit the sleepcap.
The sleepcap is almost destroyed.
The orc closely misses you. The sleepcap releases spores at you.
You are engulfed in a cloud of soporific spores!
You are unaffected.
The orc hits you with a +2 hand axe of venom.
You are poisoned.
The sleepcap releases spores at you.
* * * LOW HITPOINT WARNING * * *
The orc barely misses you.
A kobold comes into view. It is wielding a +0 dagger.
Found a mace and a club.
* * * LOW HITPOINT WARNING * * *
You feel very sick.
The orc hits you with a +2 hand axe of venom.
* * * LOW HITPOINT WARNING * * *
You are more poisoned.
It was a potion of curing.
You feel better.
The orc hits you with a +2 hand axe of venom.
* * * LOW HITPOINT WARNING * * *
You are lethally poisoned!
The sleepcap releases spores at you.
* * * LOW HITPOINT WARNING * * *
You are engulfed in a cloud of soporific spores!
You are unaffected.
Okay, then.
You feel better. The orc barely misses you.
The sleepcap releases spores at you.
You are engulfed in a cloud of soporific spores!
You fall asleep.
The orc hits you with a +2 hand axe of venom!!
You die...
Your body crumbles into a pile of gold.

.........###### ....).
#........##.... .)K..
........##....# ....
........#.....# ...
..............# #..
.............## ##.
#..##.....>........#
#...####.................#
#....##h#...............
#....ofo#...............
#.##..oo##.......####...
##...#.......## ##..
......∆ ... ..... ........
..##. #.......... #..##.
........... ∆ .. ...
#................ ....


You could see a sleepcap, 4 orcs and a kobold (asleep).

Vanquished Creatures
  An iguana (D:4)
  A sleepcap (D:4)
  3 adders (D:4)
  3 dart slugs
  2 ribbon worms
  An orc (D:3)
  5 bats
  8 endoplasms
  5 giant cockroaches
  2 goblins
  4 hobgoblins
  3 quokkas
  6 ball pythons
  2 frilled lizards (D:2)
  2 kobolds (D:3)
  5 rats
53 creatures vanquished.

Notes
Turn   | Place    | Note
-------+----------+-------------------------------------------
     0 | D:1      | smashvw the Gnoll Shapeshifter began the quest for the Orb.
     0 | D:1      | Reached XP level 1. HP: 17/17 MP: 1/1
    66 | D:1      | Found a faded altar of an unknown god.
   138 | D:1      | Reached XP level 2. HP: 23/23 MP: 2/2
   697 | D:2      | Reached XP level 3. HP: 25/28 MP: 3/3
   789 | D:2      | Found Eteekla's Armour Shoppe.
   810 | D:2      | Found Ninag's Book Shoppe.
   846 | D:2      | Reached skill level 1 in Invocations
  1192 | D:2      | Found Sievvaex's Assorted Antiques.
  1342 | D:3      | Reached skill level 1 in Short Blades
  1342 | D:3      | Reached skill level 1 in Long Blades
  1342 | D:3      | Reached skill level 1 in Axes
  1342 | D:3      | Reached skill level 1 in Maces & Flails
  1342 | D:3      | Reached skill level 1 in Polearms
  1342 | D:3      | Reached skill level 1 in Staves
  1342 | D:3      | Reached skill level 1 in Ranged Weapons
  1342 | D:3      | Reached skill level 1 in Throwing
  1342 | D:3      | Reached skill level 1 in Armour
  1342 | D:3      | Reached skill level 1 in Stealth
  1342 | D:3      | Reached skill level 1 in Shields
  1342 | D:3      | Reached skill level 1 in Spellcasting
  1342 | D:3      | Reached skill level 1 in Evocations
  1649 | D:3      | Reached XP level 4. HP: 31/34 MP: 3/5
  1936 | D:4      | Found a shadowy altar of Dithmenos.
  1938 | D:4      | Found a white marble altar of Elyvilon.
  1951 | D:4      | Reached skill level 1 in Conjurations
  1951 | D:4      | Reached skill level 1 in Hexes
  1951 | D:4      | Reached skill level 1 in Summonings
  1951 | D:4      | Reached skill level 1 in Necromancy
  1951 | D:4      | Reached skill level 1 in Translocations
  1951 | D:4      | Reached skill level 1 in Fire Magic
  1951 | D:4      | Reached skill level 1 in Ice Magic
  1951 | D:4      | Reached skill level 1 in Air Magic
  1951 | D:4      | Reached skill level 1 in Earth Magic
  1951 | D:4      | Reached skill level 1 in Alchemy
  2043 | D:4      | Found a staircase to the Ecumenical Temple.
  2053 | D:4      | Reached XP level 5. HP: 30/40 MP: 3/7
  2156 | Temple   | Entered the Ecumenical Temple
  2186 | Temple   | Became a worshipper of Gozag Ym Sagoz the Greedy
  2367 | D:4      | Found a glowing golden altar of the Shining One.
  2383 | D:4      | Mangled by an orc

Illustrated notes

Levels and vault maps discovered:
D:1:      hellmonk_arrival_library, layout_rooms, basic_ecumenical_altar,
          serial_curves, eino_curves_01, eino_curves_02, eino_curves_01,
          eino_curves_01
D:2:      layout_rooms, serial_shops, nicolae_shop_window_shopping,
          nicolae_shop_tiny_waterfront, nicolae_shop_tiny_glass,
          minmay_octomino_j4
D:3:      layout_loops_ring
D:4:      layout_cave_pools, chequers_temple_overflow_statue_of_worship,
          lemuel_doored_altar, minmay_temple_entry_trees, minmay_manual_mullet
Temple:   minmay_temple_bridge_abc

Skill      XL: |  1  2  3  4  5 |
---------------+----------------+-----
Invocations    | 1 |  1.7
Short Blades   | 1 |  1.5
Long Blades    | 1 |  1.5
Axes           | 1 |  1.5
Maces & Flails | 1 |  1.5
Polearms       | 1 |  1.5
Staves         | 1 |  1.5
Ranged Weapons | 1 |  1.5
Throwing       | 1 |  1.5
Armour         | 1 |  1.5
Stealth        | 1 |  1.5
Shields        | 1 |  1.5
Spellcasting   | 1 |  1.5
Evocations     | 1 |  1.5
Conjurations   | 1 |  1.2
Hexes          | 1 |  1.2
Summonings     | 1 |  1.2
Necromancy     | 1 |  1.2
Translocations | 1 |  1.2
Fire Magic     | 1 |  1.2
Ice Magic      | 1 |  1.2
Air Magic      | 1 |  1.2
Earth Magic    | 1 |  1.2
Alchemy        | 1 |  1.2
Fighting       | 3 |  3.0
Dodging        | |  4.8
Unarmed Combat | |  6.7
Shapeshifting  | |  6.6

Action                     |  1- 3 |  4- 6 || total
---------------------------+-------+-------++-------
  Melee: Unarmed           |    43 |       ||    43
         Bite              |     7 |     8 ||    15
         Falchion          |    36 |    39 ||    75
         Hand axe          |    10 |       ||    10
    Use: Potion            |       |     2 ||     2
   Stab: Sleeping          |     3 |       ||     3
 Armour: Animal skin       |    35 |    41 ||    76
  Dodge: Dodged            |    52 |    34 ||    86

Table legend: (Time is in decaauts)
 A = Elapsed time spent in this place.
 B = Non-inter-level travel time spent in this place.
 C = Inter-level travel time spent in this place.
 D = Time resting spent in this place.
 E = Time spent auto-exploring this place.
 F = Levels seen in this place.
 G = Mean time per level.
                   A        B        C        D        E       F      G
               +--------+--------+--------+--------+--------+-----+--------+
         Total |   2396 |   2335 |     61 |     83 |   1769 |   5 |  479.2 |
       Dungeon |   2345 |   2304 |     41 |     83 |   1769 |   4 |  586.2 |
        Temple |     51 |     31 |     20 |      0 |      0 |   1 |   51.0 |
               +--------+--------+--------+--------+--------+-----+--------+

Top non-repeatable levels by time:
     D:1: 685 daAuts
     D:3: 644 daAuts
     D:2: 584 daAuts
     D:4: 430 daAuts
  Temple: 51 daAuts
